 Dungeon Crawl Stone Soup version 0.20.0-14-g326068f (webtiles) character file.

1896 Gorglomux the Slinger (level 9, -5/61 HPs)
             Began as a Halfling Air Elementalist on June 7, 2017.
             Was a Believer of Dithmenos.
             Slain by an ogre
             ... wielding a +0 giant club
              (24 damage)
             ... on level 7 of the Dungeon on June 8, 2017.
             The game lasted 00:20:02 (8716 turns).

Gorglomux the Slinger (Halfling Air Elementalist)   Turns: 8716, Time: 00:20:03

Health: -5/61      AC:  7    Str: 19    XL:     9   Next: 37%
Magic:  11/11      EV: 18    Int:  9    God:    Dithmenos [**....]
Gold:   361        SH:  0    Dex: 17    Spells: 10/11 levels left

rFire    . . .     SeeInvis .   a - +3 dagger (elec)
rCold    . . .     Gourm    .   (shield restricted)
rNeg     . . .     Faith    .   J - +1 leather armour "Mettank" {Str+9 Int-4}
rPois    .         Spirit   .   Q - +0 helmet
rElec    .         Reflect  .   O - +0 cloak
rCorr    .         Harm     .   H - +0 pair of gloves
MR       .....                  (no boots)
Stlth    ++++......             T - amulet of inaccuracy
Regen    0.2/turn               (no ring)
MPRegen  0.2/turn               (no ring)

@: wreathed by umbra, drained
A: mutation resistance 1
a: Shadow Step, Renounce Religion


You were on level 7 of the Dungeon.
You worshipped Dithmenos.
Dithmenos was pleased with you.
You were near starving.

You visited 2 branches of the dungeon, and saw 8 of its levels.

You collected 361 gold pieces.

Inventory:

Hand Weapons
 a - a +3 dagger of electrocution (weapon)
 b - a +0 hunting sling
Missiles
 g - 9 tomahawks (quivered)
 A - 155 stones
 E - 24 sling bullets
Armour
 F - a +1 robe
 H - a +0 pair of gloves (worn)
 J - the +1 leather armour "Mettank" (worn) {Str+9 Int-4}
   (You found it on level 5 of the Dungeon)

   It affects your strength (+9).
   It affects your intelligence (-4).
 O - a +0 cloak (worn)
 Q - a +0 helmet (worn)
Jewellery
 C - an uncursed amulet of regeneration {unknown}
 T - an amulet of inaccuracy (around neck)
Wands
 S - a wand of scattershot (5/9)
Scrolls
 y - a scroll of acquirement {unknown}
 B - a scroll of blinking
 K - a scroll of enchant armour
 L - a scroll of fog {unknown}
 M - a scroll of magic mapping
 R - 4 scrolls of identify
 V - a scroll of recharging
 Y - 6 scrolls of remove curse
 Z - a scroll of immolation {unknown}
Potions
 I - a potion of brilliance
 X - a potion of resistance
Books
 G - a book of Air

   Spells                             Type                      Level
   a - Shock                          Conjuration/Air              1
   b - Swiftness                      Charms/Air                   2
   c - Static Discharge               Conjuration/Air              3
   d - Airstrike                      Air                          4
   e - Lightning Bolt                 Conjuration/Air              5
 P - a book of Changes

   Spells                             Type                      Level
   a - Beastly Appendage              Transmutation                1
   b - Sticks to Snakes               Transmutation                2
   c - Spider Form                    Transmutation/Poison         3
   d - Ice Form                       Ice/Transmutation            4
   e - Blade Hands                    Transmutation                5
 U - a book of Misfortune

   Spells                             Type                      Level
   a - Confusing Touch                Hexes                        1
   b - Confuse                        Hexes                        3
   c - Gell's Gravitas                Translocation                3
   d - Petrify                        Transmutation/Earth          4
   e - Metabolic Englaciation         Hexes/Ice                    5
   f - Yara's Violent Unravelling     Hexes/Transmutation          5
Comestibles
 c - 4 bread rations
 z - 2 meat rations


   Skills:
 + Level 5.1(4.2) Fighting
 + Level 8.0(7.0) Slings
 + Level 6.6(5.6) Dodging
 + Level 7.3(6.3) Stealth
 - Level 1.5(0.7) Spellcasting
 - Level 0.7(0.0) Conjurations
 - Level 3.0(2.1) Air Magic


You had 10 spell levels left.
You knew the following spells:

 Your Spells              Type           Power        Failure   Level  Hunger
a - Shock                 Conj/Air       #...         30%         1    ##.....


Dungeon Overview and Level Annotations

Branches:
Dungeon (7/15)             Temple (1/1) D:4

Altars:
Ashenzari
Cheibriados
Dithmenos
Kikubaaqudgha
Nemelex Xobeh
Okawaru
Qazlal
Ru
Sif Muna
Trog
Uskayaw
Yredelemnul

Annotations:
D:3 exclusion: door
D:7 exclusion: oklob plant


Innate Abilities, Weirdness & Mutations

You are small and have problems with some larger weapons.
You are somewhat resistant to further mutation.


Message History

The burst of metal fragments hits the ogre.
The burst of metal fragments hits the necrophage.
The burst of metal fragments hits the ogre.
The burst of metal fragments hits the orc.
You kill the orc!
Dithmenos accepts your kill.
The necrophage is moderately damaged.
The ogre is severely wounded.
The ooze quivers.
Evoking this partially-identified wand wasted a few charges.
The ooze quivers.
The jelly quivers.
The ooze misses you.
The jelly hits the fungus.
The fungus is splashed with acid.
The acid corrodes the fungus!
The ooze hits the fungus. x3; The jelly hits the fungus.
The fungus is splashed with acid.
The acid corrodes the fungus!
The jelly hits the fungus.
The fungus is splashed with acid.
The acid corrodes the fungus!
The ooze hits the fungus. x2
The jelly hits the fungus but does no damage.
The ogre hits you with a giant club!!
You die...

..##.###.#
.###.###.########
.#........n.....#
.##############.#
.# #.## .# #..#
...# ##n# ##.#
#O# .# #@# # #J#


PJP #PPJ# JJJJ. #JJPPP# #JJJJP# ##JJJ## You could see an oklob plant, an ogre, a
necrophage, 6 jellies and 10 oozes.

Vanquished Creatures
  Menkaure (D:5)
  An orc warrior (D:6)
  A sky beast (D:7)
  2 ogres
  2 centaurs
  A big kobold (D:7)
  2 bullfrogs
  2 scorpions
  A wight (D:7)
  A crimson imp (D:6)
  A jelly (D:7)
  2 bullfrog skeletons
  4 orc priests
  A hound (D:6)
  6 orc wizards
  4 iguanas
  A worker ant (D:5)
  2 hound zombies (D:6)
  4 gnolls (D:2)
  13 adders
  2 oozes
  6 worms
  3 dart slugs
  10 leopard geckos
  25 orcs
  3 ball pythons
  9 bats
  8 giant cockroaches
  7 goblins
  4 hobgoblins
  9 jackals
  4 quokkas
  10 frilled lizards
  8 kobolds
  A quokka zombie (D:5)
  6 rats
167 creatures vanquished.

Vanquished Creatures (others)
  An orc wizard (D:3)
1 creature vanquished.

Grand Total: 168 creatures vanquished

Notes
Turn   | Place    | Note
-------+----------+-------------------------------------------
     0 | D:1      | Gorglomux the Halfling Air Elementalist began the quest for the Orb.
     0 | D:1      | Reached XP level 1. HP: 11/11 MP: 3/3
   177 | D:1      | Reached skill level 1 in Fighting
   177 | D:1      | Reached XP level 2. HP: 16/18 MP: 0/4
   909 | D:1      | Reached XP level 3. HP: 22/23 MP: 0/5
  1178 | D:1      | Reached skill level 3 in Stealth
  1669 | D:2      | Reached skill level 3 in Dodging
  1669 | D:2      | Reached XP level 4. HP: 28/28 MP: 6/6
  1760 | D:2      | Found a snail-covered altar of Cheibriados.
  1984 | D:2      | Reached skill level 1 in Slings
  2374 | D:1      | Reached XP level 5. HP: 31/34 MP: 7/7
  2522 | D:2      | Reached skill level 2 in Slings
  3076 | D:3      | Found a deep blue altar of Sif Muna.
  3858 | D:3      | Upgraded the game from 0.20.0-10-g0535bb4 to 0.20.0-14-g326068f
  3862 | D:3      | Reached XP level 6. HP: 21/41 MP: 0/8
  4525 | D:3      | Reached skill level 3 in Slings
  5017 | D:4      | Reached skill level 4 in Slings
  5079 | D:4      | Found a staircase to the Ecumenical Temple.
  5090 | D:4      | Noticed an ogre
  5180 | D:3      | Killed an ogre
  5180 | D:3      | Reached skill level 3 in Fighting
  5180 | D:3      | Reached XP level 7. HP: 24/46 MP: 9/9
  5359 | Temple   | Entered the Ecumenical Temple
  5371 | Temple   | Became a worshipper of Dithmenos the Shadowed
  5894 | D:5      | Entered Level 5 of the Dungeon
  5895 | D:5      | Noticed Menkaure
  5902 | D:5      | Killed Menkaure
  5902 | D:5      | Reached skill level 5 in Slings
  6258 | D:5      | Reached XP level 8. HP: 35/53 MP: 10/10
  6895 | D:5      | Reached * piety under Dithmenos
  6980 | D:5      | Reached skill level 6 in Slings
  7211 | D:5      | Got a bloodstained leather armour
  7222 | D:5      | Identified the +1 leather armour "Mettank" {Str+9 Int-4} (You found it on level 5 of the Dungeon)
  7460 | D:6      | Reached skill level 6 in Stealth
  7764 | D:6      | Reached skill level 7 in Slings
  7910 | D:6      | Reached skill level 6 in Dodging
  7910 | D:6      | Reached XP level 9. HP: 59/59 MP: 5/11
  8290 | D:7      | Reached ** piety under Dithmenos
  8647 | D:7      | Reached skill level 8 in Slings
  8685 | D:7      | Noticed a hippogriff
  8713 | D:7      | Noticed an oklob plant
  8716 | D:7      | Slain by an ogre

Skill      XL: |  1  2  3  4  5  6  7  8  9 |
---------------+----------------------------+-----
Fighting       | 1 2 3 4 5 |  5.1
Stealth        | 3 4 5 6 7 |  7.3
Dodging        | 3 4 5 6 |  6.6
Slings         | 1 2 4 5 7 8 |  8.0
Spellcasting   | |  1.5
Conjurations   | |  0.7
Air Magic      | |  3.0

Action                   |  1- 3 |  4- 6 |  7- 9 || total
-------------------------+-------+-------+-------++-------
Melee: Unarmed           |     6 |       |       ||     6
       Short sword       |    15 |    51 |       ||    66
       Dagger            |       |    30 |   252 ||   282
       Quarterstaff      |       |    23 |       ||    23
 Fire: Hunting sling     |     5 |    72 |    23 ||   100
Throw: Tomahawk          |     5 |     1 |       ||     6
 Cast: Shock             |    60 |   138 |    43 ||   241
Evoke: Wand              |       |       |     1 ||     1
  Use: Scroll            |       |     6 |     3 ||     9
       Potion            |       |     5 |     1 ||     6
 Stab: Sleeping          |       |     8 |     7 ||    15
       Distracted        |       |     1 |       ||     1
  Eat: Chunk             |     4 |    15 |    12 ||    31
Armor: Robe              |     4 |    31 |    11 ||    46
       Leather armour    |       |       |    23 ||    23
Dodge: Dodged            |    42 |   179 |   245 ||   466
